Map: [ESL] Cosmic Sapphire

Players

SlavaZA

  • Race: Protoss Protoss
  • Spawn Location: 5:00

PappiJoe - Winner!

  • Race: Protoss Protoss
  • Spawn Location: 11:00

Event: DreamHack SC2 Masters 2022 Valencia

VOD

Have the link to the VOD?

Description

Time

  • Played on: July 1, 2022, 7:13 a.m.
  • Length: 7:57

All games in this series

Show
View Real Time Build Order
Export as new Build Order

SlavaZA Protoss 

Build Orders: Blink Stalkers 

Get SALT Encoding   

  12  0:00  Probe  
  13  0:12  Probe  
  14  0:17  Pylon  
  14  0:24  Probe  
  15  0:36  Probe (Chrono Boost)  
  15  0:39  Gateway  
  16  0:46  Assimilator  
  16  0:48  Probe (Chrono Boost)  
  17  0:55  Assimilator  
  17  0:56  Probe (Chrono Boost)  
  18  1:03  Probe  
  19  1:13  Gateway  
  19  1:16  Probe  
  20  1:28  Probe, Cybernetics Core  
  21  1:40  Probe  
  21  1:44  Pylon  
  22  1:52  Probe  
  23  2:04  Probe  
  23  2:05  Stalker x2 (Chrono Boost)  
  28  2:09  Warp Gate  
  28  2:25  Pylon  
  28  2:26  Stalker  
  30  2:43  Stalker  
  32  2:44  Shield Battery  
  32  2:58  Twilight Council  
  32  3:00  Stalker  
  34  3:19  Stalker  
  36  3:21  Gateway  
  36  3:29  Pylon  
  36  3:37  Blink (Chrono Boost)  
  36  3:47  Gateway  
  36  3:58  Stalker  
  36  3:59  Shield Battery  
  38  4:07  Stalker  
  40  4:28  Stalker  
  40  4:29  Stalker  
  44  4:35  Gateway  
  44  4:42  Stalker  
  46  4:56  Pylon  
  46  4:58  Pylon  
  46  5:16  Pylon  
  46  5:17  Stalker x2  
  46  5:19  Stalker  
  52  5:35  Gateway  
  52  5:56  Stalker x3  
  46  6:46  Probe (Chrono Boost)  
  45  7:09  Stalker x2  
  41  7:20  Stalker  
  32  7:33  Stalker x2  
  20  7:45  Stalker  
Show
View Real Time Build Order
Export as new Build Order

PappiJoe Protoss - Winner!

Build Orders:  

Get SALT Encoding   

  12  0:00  Probe  
  13  0:12  Probe  
  14  0:18  Pylon  
  14  0:24  Probe (Chrono Boost)  
  15  0:36  Probe (Chrono Boost)  
  15  0:38  Gateway  
  16  0:45  Probe (Chrono Boost)  
  16  0:48  Assimilator  
  17  0:51  Probe  
  17  0:55  Assimilator  
  18  1:03  Probe  
  19  1:08  Gateway  
  19  1:15  Probe (Chrono Boost)  
  21  1:26  Probe (Chrono Boost)  
  21  1:30  Cybernetics Core  
  21  1:31  Probe (Chrono Boost)  
  22  1:42  Pylon, Probe  
  23  2:06  Robotics Facility  
  23  2:07  Stalker x2  
  27  2:10  Warp Gate  
  27  2:16  Pylon  
  26  2:37  Stalker x2  
  30  2:51  Immortal (Chrono Boost)  
  30  2:55  Shield Battery  
  34  3:07  Gateway  
  34  3:19  Warp Prism (Chrono Boost)  
  36  3:30  Pylon  
  40  3:48  Immortal  
  40  4:00  Stalker x2  
  44  4:10  Pylon  
  44  4:23  Twilight Council  
  44  4:28  Observer  
  45  5:00  Blink (Chrono Boost)  
  45  5:11  Stalker  
  45  5:12  Stalker  
  49  5:14  Pylon  
  49  5:19  Stalker  
  51  5:32  Shield Battery  
  51  5:34  Pylon  
  51  5:40  Stalker x2  
  51  5:42  Stalker  
  57  5:48  Pylon  
  57  6:04  Stalker x2  
  61  6:23  Pylon  
  53  6:35  Stalker x3  
  59  6:48  Probe  
  60  6:58  Stalker x3  
  52  7:37  Stalker x3  
  54  7:48  Pylon  

Tags
 
Add a new tag
Caveats
  • Supply blocks, unpowered buildings, or Contaminate may cause inaccurate times.
  • Supply counts are checked every 10 seconds.